 Dungeon Crawl Stone Soup version 0.18-a0-1372-gd644665 (webtiles) character file.

1846 Gorice the Twirler (level 8, -5/49 HPs)
             Began as a Deep Elf Wanderer on Feb 21, 2016.
             Slain by Noname's ghost (12 damage)
             ... on level 7 of the Dungeon.
             The game lasted 00:35:36 (8034 turns).

Gorice the Twirler (Deep Elf Wanderer)              Turns: 8034, Time: 00:35:36

Health: -5/49      AC:  5    Str: 17    XL:     8   Next: 88%
Magic:  11/11      EV: 14    Int: 19    God:
Gold:   280        SH:  0    Dex: 13    Spells: 0 memorised, 7 levels left

rFire  . . .     SeeInvis +     a - +0 quarterstaff
rCold  . . .     Gourm    .     y - +1 leather armour {rPois}
rNeg   . . .     Faith    .     (shield currently unavailable)
rPois  +         Spirit   .     (helmet restricted)
rElec  .         Dismiss  .     (no cloak)
rCorr  .         Reflect  .     (no gloves)
SustAt .         Harm     .     o - +0 pair of boots (curse)
MR     .....                    r - amulet of rage
Stlth  +.........               B - ring of see invisible
                                A - +6 ring of strength

@: exhausted, slowed, very slow, not resistant to hostile enchantments, very
unstealthy
A: horns 1, blink
a: Blink, Evoke Berserk Rage


You were on level 7 of the Dungeon.
You were hungry.

You visited 2 branches of the dungeon, and saw 8 of its levels.

You collected 336 gold pieces.
You spent 56 gold pieces at shops.

Inventory:

Hand Weapons
 a - a +0 quarterstaff (weapon)
 b - a +1 shortbow
 p - a +1 dagger of protection
   (You took it off an orc wizard on level 5 of the Dungeon)
 w - a +0 short sword
Missiles
 d - 24 arrows
 i - 24 poisoned needles
 j - 2 javelins (quivered)
 C - 2 tomahawks
 P - 10 poisoned arrows
 Z - 190 stones
Armour
 c - a +0 ring mail
 o - a cursed +0 pair of boots (worn)
 y - a +1 leather armour of poison resistance (worn)
   (You took it off Eustachio on level 5 of the Dungeon)
Jewellery
 h - an uncursed ring of magical power
 q - an uncursed ring of resist corrosion
 r - an amulet of rage (around neck)
 A - a +6 ring of strength (left hand)
 B - a ring of see invisible (right hand)
Wands
 g - a wand of flame (7/48)
 x - a wand of lightning (1/15)
 H - a wand of digging (0/24)
Scrolls
 u - a scroll of remove curse
 z - a scroll of noise {unknown}
 G - a scroll of amnesia {unknown}
 J - a scroll of teleportation {!r}
Potions
 e - 2 potions of cure mutation {!q}
 k - a potion of agility {unknown}
 m - 2 potions of ambrosia {!q}
 n - a potion of degeneration {unknown}
 t - a potion of flight {unknown}
 v - 2 potions of curing
 E - 3 potions of haste {unknown}
 I - 2 potions of might {unknown}
Comestibles
 f - 5 bread rations {!e}
 l - a meat ration {!e}
 s - 3 beef jerkies
 D - 8 chunks of flesh
 F - a royal jelly


   Skills:
 + Level 5.2 Fighting
 - Level 3.3 Short Blades
   Level 1.5 Axes
 * Level 6.8 Staves
 - Level 3.7 Bows
 - Level 1.5 Armour
 + Level 5.9 Dodging
 - Level 2.1 Evocations


You had 7 spell levels left.
You didn't know any spells.

Dungeon Overview and Level Annotations

Branches:
Dungeon (7/15)             Temple (1/1) D:5

Altars:
Ashenzari
Dithmenos
Elyvilon
Fedhas
Gozag
Kikubaaqudgha
Makhleb
Nemelex Xobeh
Okawaru
Pakellas
Qazlal
Ru
Sif Muna
Trog
Vehumet
Xom
Yredelemnul
Zin
The Shining One

Shops:
D:4 (

Annotations:
D:3 M4edhros's ghost, amateur OpMo
D:4 vpUX: Yiuf's house, 1 exclusion
D:7 Noname's ghost, novice DgGl


Innate Abilities, Weirdness & Mutations

You have a pair of small horns on your head.
You can translocate small distances at will.


Message History

You barely miss Noname's ghost.
Noname's ghost is moderately damaged.
You closely miss Noname's ghost.
Noname's ghost is moderately damaged.
Noname's ghost hits you!
Damage: 13 (max 21)
You hit Noname's ghost. Your headbutt misses Noname's ghost.
Noname's ghost is moderately damaged.
Noname's ghost closely misses you.
You barely miss Noname's ghost. You headbutt Noname's ghost!
Noname's ghost is moderately damaged.
Your leather armour prevents you from hitting Noname's ghost.
You headbutt Noname's ghost!
Noname's ghost is heavily damaged.
Noname's ghost hits you.
* * * LOW HITPOINT WARNING * * *
Damage: 5 (max 21)
You hit Noname's ghost.
Noname's ghost is heavily damaged.
Noname's ghost hits you but does no damage.
You are too berserk!
You barely miss Noname's ghost.
Noname's ghost is heavily damaged.
Noname's ghost barely misses you.
You barely miss Noname's ghost. Your headbutt misses Noname's ghost.
Noname's ghost is heavily damaged.
You hit Noname's ghost. You headbutt Noname's ghost!
Noname's ghost is severely damaged.
Noname's ghost hits you but does no damage.
You hit Noname's ghost but do no damage.
Noname's ghost is severely damaged.
Noname's ghost hits you!
* * * LOW HITPOINT WARNING * * *
Damage: 14 (max 21) Unknown command.
You feel a strong urge to attack something.
You are no longer berserk.
You are exhausted.
You feel yourself slow down.
Read which item? (? for menu, Esc to quit)
Okay, then.
Unknown command.
You blink.
You are feeling hungry.
Damage: 2 (max 21)
You don't have enough health at the moment.
Drink which item? (? for menu, Esc to quit)
You feel better. Noname's ghost completely misses you. Noname's ghost hits you!
You die...

......... .. .........
.... ........####
.....
..........##.$...
#.............# .
#.............# ...
###.....(.....#
...######....W(.....#
........#....@(.....#
#..)....#...........#
#.....................
#.......###....(.....
#.......# #....#....
#.#.......###....#....
...........'....+ ...
####....#...###....#
## .........#....# ..


You could see Noname's ghost.

Vanquished Creatures
  The ghost of M4edhros the Covert, a novice OpMo of Zin (D:6)
  Eustachio (D:5)
  Duvessa (D:5)
  An ice beast (D:6)
  A phantom (D:4)
  A centaur (D:7)
  2 scorpions
  Dowan (D:5)
  3 jellies (D:5)
  2 crimson imps
  2 centaur zombies
  A hound (D:6)
  A centaur skeleton (D:5)
  3 giant frog skeletons
  An iguana (D:6)
  5 worker ants (D:4)
  3 orc wizards
  A hound skeleton (D:5)
  A worker ant zombie (D:6)
  12 adders
  3 gnolls (D:6)
  3 shadow imps
  2 oozes
  2 worms
  3 giant geckos
  10 orcs
  4 ball pythons
  7 giant cockroaches
  9 goblins
  6 hobgoblins
  25 jackals
  A quokka (D:5)
  5 bats
  5 giant newts
  6 kobolds
  2 rats
137 creatures vanquished.

Notes
Turn   | Place    | Note
--------------------------------------------------------------
     0 | D:1      | Gorice the Deep Elf Wanderer began the quest for the Orb.
     0 | D:1      | Gorice set off with: a wand of flame (15/48), a +0 ring mail, a +0 shortbow, 22 arrows, a bread ration {!e}
     0 | D:1      | Reached XP level 1. HP: 12/12 MP: 4/4
   226 | D:1      | HP: 1/12 [jackal (3)]
   227 | D:1      | Reached XP level 2. HP: 1/17 MP: 5/5
   542 | D:1      | Reached skill level 2 in Fighting
   923 | D:2      | Reached skill level 3 in Bows
   970 | D:2      | Reached XP level 3. HP: 14/21 MP: 6/6
  1561 | D:3      | Noticed M4edhros's ghost (amateur OpMo)
  1567 | D:3      | Reached XP level 4. HP: 27/27 MP: 7/7
  1780 | D:3      | HP: 6/27 [adder (3)]
  2014 | D:3      | HP: 8/27 [poisoned by an adder]
  2018 | D:3      | HP: 3/27 [poisoned by an adder]
  2024 | D:3      | HP: 7/27 [poisoned by an adder]
  2025 | D:3      | HP: 3/27 [adder (3)]
  2029 | D:3      | Reached skill level 1 in Short Blades
  2045 | D:3      | HP: 8/27 [hobgoblin (2)]
  3117 | D:4      | HP: 8/27 [worker ant (2)]
  3121 | D:4      | Reached skill level 3 in Fighting
  3121 | D:4      | Reached skill level 2 in Short Blades
  3121 | D:4      | Reached XP level 5. HP: 20/32 MP: 8/8
  3347 | D:4      | Noticed a phantom
  3404 | D:4      | Killed a phantom
  3404 | D:4      | Reached skill level 3 in Short Blades
  3404 | D:4      | Reached skill level 1 in Dodging
  3404 | D:4      | Reached XP level 6. HP: 31/37 MP: 9/9
  3494 | D:4      | Found Otach's Weapon Emporium.
  3500 | D:4      | Bought a +0 quarterstaff for 56 gold pieces
  3542 | D:4      | HP: 11/37 [poisoned by an adder]
  3550 | D:4      | HP: 10/37 [poisoned by an adder]
  3930 | D:4      | Found a stormy altar of Qazlal.
  4004 | D:4      | Reached skill level 1 in Staves
  4112 | D:4      | HP: 11/37 [poisoned by a worker ant]
  4112 | D:4      | HP: 5/37 [worker ant (6)]
  4114 | D:4      | Reached skill level 2 in Dodging
  4125 | D:4      | HP: 11/37 [poisoned by a worker ant]
  4130 | D:4      | HP: 8/37 [poisoned by a worker ant]
  4137 | D:4      | HP: 6/37 [poisoned by a worker ant]
  4144 | D:4      | HP: 5/37 [poisoned by a worker ant]
  4152 | D:4      | HP: 4/37 [poisoned by a worker ant]
  4911 | D:4      | HP: 11/37 [poisoned by a worker ant]
  4916 | D:4      | HP: 8/37 [poisoned by a worker ant]
  4922 | D:4      | HP: 7/37 [poisoned by a worker ant]
  4929 | D:4      | HP: 6/37 [poisoned by a worker ant]
  4937 | D:4      | HP: 5/37 [poisoned by a worker ant]
  5367 | D:5      | Entered Level 5 of the Dungeon
  5502 | D:5      | Reached skill level 2 in Staves
  5555 | D:5      | Noticed Eustachio
  5724 | D:5      | Found a staircase to the Ecumenical Temple.
  5749 | D:5      | Killed Eustachio
  5749 | D:5      | Reached skill level 3 in Staves
  5749 | D:5      | Reached skill level 3 in Dodging
  5749 | D:5      | Reached XP level 7. HP: 17/42 MP: 10/10
  5749 | D:5      | HP: 11/42 [centaur skeleton (6)]
  5754 | D:5      | HP: 7/42 [scorpion (6)]
  5755 | D:5      | Reached skill level 4 in Fighting
  6115 | D:5      | Reached skill level 4 in Staves
  6162 | D:5      | Reached skill level 4 in Dodging
  6218 | Temple   | Entered the Ecumenical Temple
  6669 | D:5      | Noticed Dowan
  6676 | D:5      | Noticed Duvessa
  6745 | D:5      | Killed Dowan
  6745 | D:5      | Reached XP level 8. HP: 48/48 MP: 11/11
  6821 | D:5      | Killed Duvessa
  6821 | D:5      | Reached skill level 5 in Staves
  7053 | D:6      | Gained mutation: You can translocate small distances at will. [potion of beneficial mutation]
  7054 | D:6      | Gained mutation: You have a pair of small horns on your head. [potion of beneficial mutation]
  7118 | D:6      | Noticed M4edhros's ghost (novice OpMo)
  7263 | D:6      | Killed M4edhros's ghost
  7263 | D:6      | Reached skill level 5 in Dodging
  7313 | D:6      | Reached skill level 6 in Staves
  7516 | D:6      | Reached skill level 5 in Fighting
  8010 | D:7      | Noticed Noname's ghost (novice DgGl)
  8024 | D:7      | HP: 17/73 [Noname's ghost (6)]
  8029 | D:7      | HP: 3/73 [Noname's ghost (14)]
  8034 | D:7      | Slain by Noname's ghost

Vault maps used:
D:1:      shiori_arrival_elements
D:2:      first_bread
D:4:      minmay_door_path, serial_shops, nicolae_shop_statue_plus,
          grunt_qazlal_sundering, uniq_crazy_yiuf_cottage
D:5:      minmay_temple_entry_trees, uniq_duvessa, uniq_eustachio
D:7:      serial_shops, shop_fountains, uniq_pikel
Temple:   grunt_circular_temple_18

Action                   |  1- 3 |  4- 6 |  7- 9 || total
-------------------------+-------+-------+-------++-------
Melee: Short sword       |       |   282 |    12 ||   294
       Quarterstaff      |       |       |   150 ||   150
 Fire: Shortbow          |   130 |   128 |    78 ||   336
Throw: Stone             |       |     5 |       ||     5
       Javelin           |       |     9 |       ||     9
 Abil: Evoke Berserk Rag |       |       |     4 ||     4
       Blink             |       |       |     1 ||     1
Evoke: Wand              |       |     6 |     6 ||    12
  Use: Scroll            |     4 |     3 |     2 ||     9
       Potion            |       |     6 |     5 ||    11
  Eat: Chunk             |     2 |    13 |    10 ||    25

Table legend:
 A = Turns spent in this place as a percentage of turns spent in the entire game.
 B = Non-inter-level travel turns spent in this place as a percentage of non-inter-level travel turns spent in the entire game.
 C = Inter-level travel turns spent in this place as a percentage of turns spent in this place.
 D = Turns resting spent in this place as a percentage of non-inter-level travel turns spent in this place.
 E = Turns spent auto-exploring this place as a percentage of non-inter-level travel turns spent in this place.
 F = Non-inter-level travel turns spent in this place divided by the number of levels of this place that you've seen.
                   A       B       C       D       E      F
               +-------+-------+-------+-------+-------+----------------------
         Total | 100.0 | 100.0 |   0.6 |   2.2 |   4.3 | 355.1
       Dungeon |  96.3 |  96.3 |   0.7 |   2.0 |   4.4 | 390.9
        Temple |   3.7 |   3.7 |   0.0 |   5.7 |   0.0 | 105.0
               +-------+-------+-------+-------+-------+----------------------

Vault maps used:
D:1:      shiori_arrival_elements
D:2:      first_bread
D:4:      minmay_door_path, serial_shops, nicolae_shop_statue_plus,
          grunt_qazlal_sundering, uniq_crazy_yiuf_cottage
D:5:      minmay_temple_entry_trees, uniq_duvessa, uniq_eustachio
D:7:      serial_shops, shop_fountains, uniq_pikel
Temple:   grunt_circular_temple_18
